 Dungeon Crawl Stone Soup version 0.23.2-40-g277498a001 (webtiles) character file.

Game seed: 7283164057029926085

3098 Manrey the Covert (level 9, -3/72 HPs)
             Began as a Minotaur Berserker on Sept 27, 2019.
             Was an Elder of Trog.
             Killed from afar by a fire dragon (35 damage)
             ... with a blast of flame
             ... on level 8 of the Dungeon.
             The game lasted 00:35:47 (6697 turns).

Manrey the Covert (Minotaur Berserker)              Turns: 6697, Time: 00:35:48

Health: -3/72      AC: 10    Str: 25    XL:     9   Next: 59%
Magic:  8/8        EV:  9    Int:  4    God:    Trog [****..]
Gold:   299        SH: 17    Dex: 10    Spells: 8/8 levels left

rFire    . . .     SeeInvis .   S - +2 hand axe
rCold    . . .     Gourm    .   J - +0 large shield
rNeg     . . .     Faith    .   C - +1 chain mail
rPois    .         Spirit   .   (helmet restricted)
rElec    .         Reflect  .   (no cloak)
rCorr    .         Harm     .   (no gloves)
MR       .....                  (no boots)
Stlth    +.........             G - amulet of magic regeneration
HPRegen  0.22/turn              P - +3 ring of evasion
MPRegen  0.36/turn              (no ring)

@: no status effects
A: retaliatory headbutt, horns 2
a: Berserk, Trog's Hand, Brothers in Arms, Renounce Religion


You were on level 8 of the Dungeon.
You worshipped Trog.
Trog was greatly pleased with you.
You were hungry.

You visited 2 branches of the dungeon, and saw 9 of its levels.

You collected 299 gold pieces.

Inventory:

Hand Weapons
 a - a +0 hand axe
 f - a +0 short sword
 n - a cursed -1 club
 p - a +0 hand axe
 t - a +0 whip
 N - a +0 mace
 R - a +4 flail
 S - a +2 hand axe (weapon)
 T - a +0 halberd
Missiles
 q - 114 arrows
 F - 50 sling bullets
Armour
 b - a +0 animal skin
 j - a +0 robe
 s - a +0 scale mail
 u - a +0 leather armour
 x - a +0 ring mail
 A - a cursed +0 leather armour
 C - a +1 chain mail (worn)
 D - a +0 scale mail
 J - a +0 large shield (worn)
Jewellery
 G - an amulet of magic regeneration (around neck)
 P - a +3 ring of evasion (left hand)
Wands
 L - a wand of flame (37)
 O - a wand of clouds (10)
Scrolls
 d - a scroll of teleportation
 k - 4 scrolls of fear
 m - 7 scrolls of identify
 o - a scroll of enchant armour
 y - 2 scrolls of amnesia {unknown}
 z - a scroll of immolation
 B - 2 scrolls of remove curse
 E - a scroll of random uselessness {unknown}
 I - 2 scrolls of magic mapping {unknown}
 K - a scroll of noise {unknown}
 M - a scroll of vulnerability {unknown}
 Q - a scroll of enchant weapon {unknown}
Potions
 e - 2 potions of heal wounds {unknown}
 h - 2 potions of haste {unknown}
 l - 6 potions of curing {unknown}
 r - 3 potions of lignification {unknown}
 v - a potion of might {unknown}
 w - 3 potions of brilliance {unknown}
 H - 2 potions of degeneration {unknown}
Comestibles
 c - 4 rations


   Skills:
 - Level 4.4 Fighting
 * Level 4.6 Axes
 + Level 2.8 Armour
 * Level 2.9 Dodging
 + Level 9.4 Stealth
 * Level 9.1 Shields


You had 8 spell levels left.
You didn't know any spells.
Your spell library contained the following spells:

 Spells                   Type           Power        Failure   Level  Hunger
 Confusing Touch          Hex            #.....       100%        1    ##.....
 Confuse                  Hex            #.......     100%        3    ####...
 Gell's Gravitas          Tloc           #.........   100%        3    ####...
 Petrify                  Tmut/Erth      #.......     100%        4    #####..
 Metabolic Englaciation   Hex/Ice        #.........   100%        5    ######.
 Yara's Violent Unravell  Hex/Tmut       #.........   100%        5    ######.


Dungeon Overview and Level Annotations

Branches:
Dungeon (8/15)             Temple (1/1) D:4
   Lair: D:8-11

Altars:
Ashenzari
Cheibriados
Elyvilon
Fedhas
Makhleb
Nemelex Xobeh
Okawaru
Qazlal
Sif Muna
Trog
Uskayaw
Vehumet
Yredelemnul
Zin


Innate Abilities, Weirdness & Mutations

You reflexively headbutt those who attack you in melee.
You have a pair of horns on your head.


Message History

You closely miss the orc.
The orc is heavily wounded.
The orc closely misses you. The orc hits you with a +0 short sword.
A fire dragon comes into view.
You slash the orc!
You kill the orc!
Trog accepts your kill. You block the orc's attack.
You hit the orc. Your headbutt misses the orc.
The orc is severely wounded.
The orc hits you but does no damage.
You closely miss the orc. You headbutt the orc.
You kill the orc!
Trog accepts your kill.
You can now call in reinforcements.
An adder comes into view.
You slash the fire dragon!
The fire dragon is lightly wounded.
The fire dragon breathes flames at you. The blast of flame hits you!!
You die...

###.... #.# ..#... #.####
#.#..# ###..... #.#..##
#...#### #.#...# #.#...†)
###.###.#)#.## #.#..###
..o....S..#..# #.#†.#..
#####.###o####.#####.#..#<.
.......ZD.@...>.....>#..###
####....#######....#.#...
#?...# #....#+#.### #....#
#......... #....#
#..##..... #....# #...
..... #....# #.#.##.#..
#....# #.#.# .#..


You could see a fire dragon, an adder, an orc and a wyvern zombie.

Vanquished Creatures
  Pikel (D:4)
  4 yaks (D:8)
  Duvessa (D:4)
  2 sky beasts (D:6)
  A slave (D:4)
  An ogre (D:6)
  A centaur (D:7)
  A bullfrog (D:6)
  Dowan (D:4)
  A scorpion (D:7)
  7 wights (D:7)
  4 howler monkeys
  A crimson imp (D:7)
  A bullfrog zombie (D:7)
  7 hounds
  2 jellies (D:7)
  2 centaur zombies
  Crazy Yiuf (D:6)
  2 bullfrog skeletons
  A centaur skeleton (D:7)
  Jessica (D:6)
  5 worker ants
  An iguana (D:4)
  An orc wizard (D:7)
  A hound zombie (D:7)
  A hound skeleton (D:7)
  3 mummies (D:7)
  A worker ant zombie (D:7)
  5 gnolls
  4 adders
  3 shadow imps
  An adder skeleton (D:5)
  2 worms (D:2)
  A dart slug (D:4)
  2 leopard geckos
  20 orcs
  3 ball pythons (D:3)
  A giant cockroach (D:7)
  16 goblins
  5 hobgoblins
  4 jackals (D:4)
  9 quokkas
  5 bats
  4 frilled lizards
  7 kobolds
  A leopard gecko zombie (D:6)
  A quokka skeleton (D:7)
  7 rats
157 creatures vanquished.

Notes
Turn   | Place    | Note
-------+----------+-------------------------------------------
     0 | D:1      | Manrey the Minotaur Berserker began the quest for the Orb.
     0 | D:1      | Reached XP level 1. HP: 19/19 MP: 0/0
   143 | D:1      | Reached XP level 2. HP: 27/27 MP: 1/1
   695 | D:2      | Reached XP level 3. HP: 33/33 MP: 2/2
   717 | D:2      | Reached ** piety under Trog
  1547 | D:1      | Reached XP level 4. HP: 41/41 MP: 3/3
  1956 | D:3      | Reached skill level 1 in Stealth
  2192 | D:3      | Found a snail-covered altar of Cheibriados.
  2193 | D:3      | Found a glowing silver altar of Zin.
  2195 | D:3      | Found a sparkling altar of Nemelex Xobeh.
  2634 | D:3      | Reached XP level 5. HP: 35/47 MP: 4/4
  3596 | D:4      | Found a staircase to the Ecumenical Temple.
  3606 | D:4      | Reached *** piety under Trog
  3621 | Temple   | Entered the Ecumenical Temple
  3809 | D:4      | Reached XP level 6. HP: 53/53 MP: 5/5
  3861 | D:4      | Noticed Dowan
  3862 | D:4      | Noticed Duvessa
  3872 | D:4      | Killed Duvessa
  3881 | D:4      | Killed Dowan
  3881 | D:4      | Reached skill level 5 in Stealth
  4359 | D:4      | Found a radiant altar of Vehumet.
  4424 | D:4      | Noticed a slave
  4425 | D:4      | Noticed a slave
  4427 | D:4      | Noticed Pikel
  4427 | D:4      | Noticed a slave
  4429 | D:4      | Noticed a slave
  4430 | D:4      | Killed a slave
  4448 | D:4      | Killed Pikel
  4448 | D:4      | Reached XP level 7. HP: 26/60 MP: 6/6
  4524 | D:5      | Entered Level 5 of the Dungeon
  4753 | D:5      | Reached XP level 8. HP: 50/67 MP: 7/7
  5177 | D:6      | Found a runed translucent door.
  5178 | D:6      | Noticed Crazy Yiuf
  5187 | D:6      | Killed Crazy Yiuf
  5246 | D:6      | Reached skill level 1 in Shields
  5315 | D:6      | Noticed Jessica
  5327 | D:6      | Killed Jessica
  5328 | D:6      | Found a deep blue altar of Sif Muna.
  5924 | D:7      | Reached XP level 9. HP: 29/72 MP: 8/8
  5928 | D:7      | Reached skill level 5 in Shields
  6693 | D:8      | Noticed a fire dragon
  6695 | D:8      | Reached **** piety under Trog
  6697 | D:8      | Killed from afar by a fire dragon

Skill      XL: |  1  2  3  4  5  6  7  8  9 |
---------------+----------------------------+-----
Fighting       | 4 |  4.4
Axes           | 4 |  4.6
Stealth        | 2 4 7 9 |  9.4
Shields        | 4 9 |  9.1
Armour         | |  2.8
Dodging        | |  2.9

Action                   |  1- 3 |  4- 6 |  7- 9 || total
-------------------------+-------+-------+-------++-------
Melee: Hand axe          |    64 |   101 |   295 ||   460
       Headbutt          |    13 |    24 |    62 ||    99
Invok: Berserk           |     3 |     4 |     6 ||    13
       Trog's Hand       |     1 |     1 |     4 ||     6
  Use: Scroll            |       |       |     7 ||     7
 Stab: Sleeping          |     1 |       |       ||     1
  Eat: Chunk             |     4 |     6 |     2 ||    12
       Ration            |       |     2 |     4 ||     6
Armor: Animal skin       |     3 |       |       ||     3
       Robe              |    12 |       |       ||    12
       Scale mail        |     1 |    23 |       ||    24
       Chain mail        |       |    23 |   139 ||   162
Dodge: Dodged            |    59 |    53 |    75 ||   187
Block: Large shield      |       |       |   193 ||   193
